AoeStats
← Pielover757

Nomad

509872825Analyzed
2v2 RM · 5d ago on Sep 28, 2026· 33m 32s· 4 players
Game mode
Random Map
Map size
176×176
Population
200
Speed
Normal
Resources
Standard
Victory
Conquest
Starting age
Dark Age
Ending age
Imperial Age
RankedLock teamsTeams togetherTeam positionsShared explorationLock speedFull tech treeHidden civsTurbo modeCheats
Victory
Defeat
🇿🇦 Italians · South Africa
1579
+12
🇬🇧 Danes · United Kingdom
1473
+16
🇨🇳 Bengalis · China
1540
-16
🇦🇺 Varangians · Australia
1432
-12
Humble Villager
12:23 Feudal Age
12:28 Man-at-Arms
12:54 Double-Bit Axe
13:41 Arson
14:30 Loom
20:28 Castle Age
18:52 Forging
21:28 Medium Warships
21:55 Bow Saw
22:49 Medium Warships
23:01 Squires
24:06 Wheelbarrow
23:20 Fishing Lines
24:28 Horse Collar
28:40 Heavy Plow
30:21 Scale Mail Armor
31:20 Hand Cart
31:50 Chain Mail Armor
32:04 Fletching
32:41 Town Watch
33:46 Iron Casting
Pielover757
4:35 Loom
14:08 Feudal Age
18:07 Castle Age
17:55 Forging
17:45 Town Watch
19:25 Double-Bit Axe
22:28 Fletching
26:14 Bodkin Arrow
31:36 Wheelbarrow
Terminally Chill
4:48 Loom
13:24 Feudal Age
14:21 Fishing Lines
16:32 Double-Bit Axe
20:10 Wheelbarrow
20:59 Wheelbarrow
29:03 Town Watch
35:48 Castle Age
AM | UltraSeven
4:46 Loom
12:09 Feudal Age
12:42 Double-Bit Axe
12:48 Gold Mining
12:46 Town Watch
24:14 Castle Age
24:43 Fletching
25:05 Bow Saw
25:24 Medium Warships
25:48 Bodkin Arrow
26:41 Wheelbarrow
34:37 Imperial Age
32:39 Stone Mining
Connection lost

Rejoining the realm…

Still unreachable

The connection could not be restored.

Session expired

The server has moved on; the page needs a fresh start.